 Dungeon Crawl Stone Soup version 0.16-a0-691-g21e4870 (webtiles) character file.

511 RobertPalmer the Covert (level 7, -1/45 HPs)
             Began as an Octopode Assassin on Sept 19, 2014.
             Killed by triggering an arrow trap (9 damage)
             ... in an ossuary.
             The game lasted 00:07:07 (3240 turns).

RobertPalmer the Covert (Octopode Assassin)         Turns: 3240, Time: 00:07:07

HP  -1/45        AC  6     Str 10      XL: 7   Next: 19%
MP   7/7         EV 12     Int 13      God:
Gold 165         SH  0     Dex 16      Spells:  0 memorised,  6 levels left

rFire  . . .     SeeInvis .     F - +1 dagger (protect)
rCold  . . .     Clarity  .     (no shield)
rNeg   . . .     rCorr    .     (helmet restricted)
rPois  .         rRot     .     (no amulet)
rElec  .         Spirit   .     (no ring)
SustAb .         Warding  .     (no ring)
rMut   .         Stasis   .     (no ring)
Gourm  .                        (no ring)
MR     .....                    (no ring)
                                (no ring)
                                (no ring)
                                (no ring)

@: not resistant to hostile enchantments, very stealthy
A: almost no armour, amphibious, 8 rings, constrict 8, camouflage 1, gelatinous
body 1
a: no special abilities


You were in an ossuary.
You were very hungry.

You visited 1 branch of the dungeon, and saw 4 of its levels.
You also visited: Ossuary.

You collected 165 gold pieces.


Innate Abilities, Weirdness & Mutations

You cannot wear most types of armour.
You are amphibious.
You can wear up to eight rings at the same time.
You can use your tentacles to constrict many enemies at once.
Your skin changes colour to match your surroundings (Stealth).
Your rubbery body absorbs attacks (AC +1).


   Skills:
 - Level 2.4 Fighting
 - Level 2.3 Short Blades
 - Level 2.4 Throwing
 - Level 1.6 Dodging
 + Level 10.8 Stealth


You had 6 spell levels left.
You didn't know any spells.

Inventory:

Hand weapons
 a - a +0 dagger of draining
 b - a +0 blowgun
 d - a +2 dagger
 z - a +6 club
 F - a +1 dagger of protection (weapon)
Missiles
 e - 8 poisoned needles
 f - 2 curare-tipped needles
Magical devices
 B - a wand of random effects (13) {unknown}
Comestibles
 g - 4 bread rations
 u - 5 fruits
Scrolls
 k - 3 scrolls of remove curse {unknown}
 l - 3 scrolls of teleportation {unknown}
 m - a scroll of identify {unknown}
 p - 2 scrolls of recharging {unknown}
 r - 2 scrolls of amnesia {unknown}
 v - a scroll of enchant armour {unknown}
 w - a scroll of magic mapping
 A - 2 scrolls of immolation {unknown}
 C - a scroll of enchant weapon {unknown}
 E - a scroll of blinking {unknown}
Jewellery
 i - an uncursed ring of ice {unknown}
 y - a cursed amulet of inaccuracy {unknown}
Potions
 c - a potion of invisibility {unknown}
 h - a potion of haste {unknown}
 j - 2 potions of lignification {unknown}
 o - a potion of flight {unknown}
 q - 3 potions of curing {unknown}
 s - a potion of magic {unknown}
 t - a potion of heal wounds {unknown}
 x - 3 potions of confusion {unknown}
 D - a potion of cancellation {unknown}

Dungeon Overview and Level Annotations

Branches:
Dungeon (4/15)
 Temple: D:4-7

Altars:
Ashenzari
Qazlal
Xom

#...# #...#
#...# #...#
##'## #.^.#
#.^.# #.^.#
#^^@#
###########'##
#....'Z^.'Z..#
#....#.^.#...#
+....#.^^#...#
##############


You could see a water moccasin zombie.


Message History

* * * LOW HITPOINT WARNING * * *
You hit the orc zombie. You squeeze the orc zombie.
You destroy the orc zombie!
You constrict the water moccasin zombie.
The hobgoblin zombie barely misses you. The water moccasin zombie bites you.
* * * LOW HITPOINT WARNING * * *
The kobold zombie hits you but does no damage.
You release your grip on the water moccasin zombie.
The water moccasin zombie bites you!
* * * LOW HITPOINT WARNING * * *
The hobgoblin zombie hits you.
* * * LOW HITPOINT WARNING * * *
The water moccasin zombie bites you.
* * * LOW HITPOINT WARNING * * *
There is an open door here.
The water moccasin zombie closely misses you.
Drink which item? (? for menu, Esc to quit)
Okay, then.
A poisoned needle shoots out and hits you!
You found a needle trap!
There is a needle trap here.
An arrow hits the hobgoblin zombie!
The hobgoblin zombie is destroyed!
There is an open door here.
An arrow hits the kobold zombie!
There is an open door here.
Really walk into that arrow trap?
Okay, then.
An arrow shoots out and hits you!
You die...

Action                   |  1- 3 |  4- 6 |  7- 9 || total
-------------------------+-------+-------+-------++-------
Melee: Dagger            |    58 |    84 |    13 ||   155
       Club              |       |     8 |       ||     8
  Use: Scroll            |       |     1 |       ||     1
 Stab: Sleeping          |    11 |    14 |     1 ||    26
       Distracted        |     1 |       |       ||     1
  Eat: Chunk             |     3 |     1 |       ||     4
       Royal jelly       |       |     1 |       ||     1

Vault maps used:
D:1:      ldierk_walled_garden
D:2:      lemuel_statue_altar
D:3:      nicolae_qazlal_eye_of_the_storm, xom_butterflies, uniq_jessica
D:4:      elyvilon_altar_1, kennysheep_little_box,
          nicolae_ossuary_entry_catacombs, roderic_serpentine_path
Ossuary:  ossuary_tomb_2

Notes
Turn   | Place    | Note
--------------------------------------------------------------
     0 | D:1      | RobertPalmer, the Octopode Assassin, began the quest for the Orb.
     0 | D:1      | Reached XP level 1. HP: 14/14 MP: 1/1
   336 | D:1      | Reached XP level 2. HP: 17/19 MP: 2/2
  1013 | D:2      | Found a shattered altar of Ashenzari.
  1179 | D:2      | Reached XP level 3. HP: 25/25 MP: 3/3
  1663 | D:3      | Noticed Jessica
  1670 | D:3      | Reached skill level 6 in Stealth
  1854 | D:3      | Killed Jessica
  1854 | D:3      | Reached XP level 4. HP: 30/30 MP: 4/4
  1965 | D:3      | Found a shimmering altar of Xom.
  2344 | D:3      | Reached skill level 7 in Stealth
  2467 | D:3      | Found a stormy altar of Qazlal.
  2559 | D:4      | Reached skill level 8 in Stealth
  2559 | D:4      | Reached XP level 5. HP: 29/35 MP: 5/5
  2754 | D:4      | Reached skill level 9 in Stealth
  2754 | D:4      | Reached XP level 6. HP: 28/41 MP: 6/6
  2828 | D:4      | Found a sand-covered staircase.
  2834 | D:4      | Upgraded the game from 0.16-a0-670-g3b10be2 to 0.16-a0-691-g21e4870
  2835 | Ossuary  | Entered an ossuary
  2893 | Ossuary  | Reached skill level 10 in Stealth
  3113 | Ossuary  | Reached XP level 7. HP: 38/45 MP: 7/7
  3240 | Ossuary  | Killed by triggering an arrow trap

Vanquished Creatures
  3 elf skeletons (D:4)
  3 water moccasin zombies (Ossuary)
  2 human skeletons (D:4)
  Jessica (D:3)
  3 adders (D:3)
  A giant mite (D:3)
  4 adder zombies (Ossuary)
  5 orcs (D:3)
  A gnoll zombie (Ossuary)
  5 hobgoblins
  2 jackals (D:3)
  2 ball pythons
  5 bats
  4 giant cockroaches
  A giant gecko (D:2)
  2 giant newts
  7 goblins
  2 hobgoblin zombies (Ossuary)
  7 kobolds
  2 kobold zombies (Ossuary)
  An orc skeleton (D:4)
  2 orc zombies (Ossuary)
  4 rats
  A butterfly (D:3)
70 creatures vanquished.

Vanquished Creatures (others)
  A hobgoblin zombie (Ossuary)
  5 toadstools (D:1)
6 creatures vanquished.

Grand Total: 76 creatures vanquished
